 Dungeon Crawl Stone Soup version 0.28.0 (webtiles) character file.

Game seed: 6455465667858385312

4 AmazingTV the Shield-Bearer (level 1, 0/19 HPs)
             Began as a Minotaur Fighter on June 28, 2022.
             Slain by a quokka (3 damage)
             ... on level 1 of the Dungeon.
             The game lasted 00:01:15 (110 turns).

AmazingTV the Shield-Bearer (Minotaur Fighter)       Turns: 110, Time: 00:01:15

Health: 0/19       AC:  0    Str: 20    XL:     1   Next: 58%
Magic:  0/0        EV: 11    Int:  5    God:
Gold:   10         SH:  0    Dex:  9    Spells: 0/0 levels left

rFire   . . .      SeeInvis .   a - +0 rapier
rCold   . . .      Faith    .   (no shield)
rNeg    . . .      Spirit   .   (no armour)
rPois   .          Reflect  .   (helmet restricted)
rElec   .          Harm     .   (no cloak)
rCorr   .          Rampage  .   (no gloves)
Will    .....                   (no boots)
Stlth   +.........              (no amulet)
HPRegen 0.06/turn               (no ring)
MPRegen 0.07/turn               (no ring)

@: no status effects
A: horns 2, retaliatory headbutt
a: no special abilities


You were on level 1 of the Dungeon.
You visited 1 branch of the dungeon, and saw 1 of its levels.

You collected 10 gold pieces.

Inventory:

Hand Weapons
 a - a +0 rapier (weapon)
Armour
 b - a +0 scale mail
 c - a +0 buckler
Potions
 d - a potion of might


   Skills:
 - Level 3.6 Fighting
 + Level 2.4 Short Blades
 - Level 3.6 Armour
 + Level 0.5 Stealth
 - Level 3.6 Shields


You couldn't memorise any spells.
You didn't know any spells.
Your spell library was empty.

Dungeon Overview and Level Annotations

Branches:
Dungeon (1/15)

Altars:

Shops:
D:1 *


Innate Abilities, Weirdness & Mutations

You have a pair of horns on your head.
You reflexively headbutt those who attack you in melee.


Message History

You now have 10 gold pieces.
There is a stone staircase leading down here.
Found 19 stones.
There is a stone staircase leading down here.
A ball python and a quokka come into view.
There are monsters nearby!
The ball python hisses angrily.
The quokka bites you.
You barely miss the quokka. The quokka bites you. The quokka barely misses you.
You barely miss the quokka. The quokka barely misses you.
You closely miss the quokka. The quokka completely misses you.
You closely miss the quokka. The quokka closely misses you. x2
You closely miss the quokka. The quokka bites you.
The quokka twitches its whiskers.
The quokka misses you.
Found Qihudo's Assorted Antiques.
You see here 19 stones.
Found an escape hatch in the floor.
An endoplasm comes into view.
The quokka bites you. The endoplasm hits you.
* * * LOW HITPOINT WARNING * * *
A ball python comes into view.
The quokka twitches its whiskers.
There is an escape hatch in the floor here.
A rat comes into view.
The ball python bites you.
* * * LOW HITPOINT WARNING * * *
The ball python barely misses you.
A rat comes into view.
The rat barely misses you. You furiously retaliate!
You headbutt the rat.
You kill the rat!
The ball python misses you. The ball python closely misses you.
You puncture the endoplasm!
You kill the endoplasm!
The ball python closely misses you. You furiously retaliate!
You headbutt the ball python!
You kill the ball python!
You hit the quokka but do no damage. The quokka bites you.
You die...

...#####....###...####....
........∩..###
###.####....
....#####....##
##.#.......
#....######..#.#
##>.........
.............>##
#.#......... .###.#..##
##<.#....... ........###
##.#....... .........S##
..#....... .......r.r@#
...#.......
........#.###.#.#.......
........#.# #.#.#.......
........... ....#.....#.
.......###### ### .......
.....#


You could see a quokka, a ball python and a rat.

Vanquished Creatures
  2 ball pythons (D:1)
  An endoplasm (D:1)
  2 rats (D:1)
5 creatures vanquished.

Notes
Turn   | Place    | Note
-------+----------+-------------------------------------------
     0 | D:1      | AmazingTV the Minotaur Fighter began the quest for the Orb.
     0 | D:1      | Reached XP level 1. HP: 19/19 MP: 0/0
    95 | D:1      | Found Qihudo's Assorted Antiques.
   110 | D:1      | Slain by a quokka

Illustrated notes

Levels and vault maps discovered:
D:1:      onia_arrival_handbag, layout_basic, serial_shops,
          nicolae_shop_waterfront, shop

Action                   || total
-------------------------++-------
Melee: Rapier            ||    10
       Headbutt          ||     1
Dodge: Dodged            ||    13
